 Dungeon Crawl Stone Soup version 0.31-a0-836-g3ceb0a68c4 (webtiles) character file.

Game seed: 15213737073235258764

54 Kurtz the Chopper (level 3, 0/26 HPs)
             Began as an Octopode Fighter on Sept 27, 2023.
             Succumbed to an adder's poison
             ... on level 3 of the Dungeon.
             The game lasted 00:01:17 (2346 turns).

Kurtz the Chopper (Octopode Fighter)                Turns: 2346, Time: 00:01:17

Health: 0/26       AC:  1    Str: 23    XL:     3   Next: 91%
Magic:  3/3        EV: 13    Int: 10    God:
Gold:   31         SH:  4    Dex: 11    Spells: 2/2 levels left

rFire   . . .        a - +0 war axe
rCold   . . .        b - +0 buckler
rNeg    . . .        (helmet restricted)
rPois   .            (no amulet)
rElec   .            q - +6 ring of strength
rCorr   .            (no ring)
SInv    .            (no ring)
Will    .....        (no ring)
Stlth   ++           (no ring)
HPRegen 0.24/turn    (no ring)
MPRegen 0.08/turn    (no ring)
                     (no ring)

%: no passive effects
@: lethally poisoned (0 -> -2), on berserk cooldown, slowed, very slow
A: almost no armour, amphibious, 8 rings, camouflage 1, gelatinous body 1,
(nimble swimmer 1), tentacles
a: no special abilities


You were on level 3 of the Dungeon.
You visited 1 branch of the dungeon, and saw 3 of its levels.

You collected 115 gold pieces.
You spent 84 gold pieces at shops.

Inventory:

Hand Weapons
 a - a +0 war axe (weapon)
Armour
 b - a +0 buckler (worn)
Jewellery
 q - a +6 ring of strength (left tentacle)
Wands
 k - a wand of polymorph (3)
Scrolls
 d - 2 scrolls of amnesia {unknown}
 f - a scroll of revelation {unknown}
 g - a scroll of enchant weapon {unknown}
 i - a scroll of teleportation {unknown}
 j - a scroll of acquirement {unknown}
 l - 2 scrolls of identify
 m - 2 scrolls of immolation
 n - a scroll of summoning {unknown}
 o - a scroll of torment {unknown}
 p - a scroll of poison {unknown}
 r - a scroll of vulnerability {unknown}
Potions
 c - 2 potions of might
 h - a potion of brilliance {unknown}
 s - a potion of degeneration {unknown}


   Skills:
 - Level 3.0 Fighting
 * Level 4.1 Axes
 - Level 3.0 Dodging
 - Level 3.0 Shields


You had 2 spell levels left.
You didn't know any spells.
Your spell library was empty.

Dungeon Overview and Level Annotations

Branches:
Dungeon (3/15)

Altars:

Shops:
D:1 [   D:2 **(


Innate Abilities, Weirdness & Mutations

You cannot wear most types of armour.
You are amphibious.
You can wear up to eight rings at the same time.
Your skin changes colour to match your surroundings (Stealth+).
Your rubbery body absorbs attacks. (AC +1, EV +1)
((You are camouflaged when in or above water. (Stealth+)))
You have tentacles for arms and can constrict up to eight enemies at once.


Message History

You are electrocuted!!
Ouch! That really hurt!
* * * LOW HITPOINT WARNING * * *
You are too injured to fight recklessly!
You are too injured to fight recklessly!
Aiming: Polymorph
Press: ? - help, Shift-Dir - straight line, f - kobold
Aim: a kobold, wielding a +2 whip of electrocution (will become a goblin, an adder, or a hobgoblin, chance to affect: 66%)
The kobold evaporates and reforms as an adder!
The adder closely misses you.
Unknown command.
You miss the adder. Your grab misses the adder. Your squeeze misses the adder.
You block the adder's attack.
You closely miss the adder. You grab the adder. You constrict the adder.
The adder bites you.
* * * LOW HITPOINT WARNING * * *
You are lethally poisoned!
The adder poisons you! The adder closely misses you.
Unknown command.
It was a potion of berserk rage.
A red film seems to cover your vision as you go berserk!
You feel yourself moving faster!
You feel mighty!
You constrict the adder.
* * * LOW HITPOINT WARNING * * *
You feel sick. The adder barely misses you.
You slash the adder!
You kill the adder!
* * * LOW HITPOINT WARNING * * *
You feel sick.
Your Axes skill increases to level 4!
You are too berserk!
* * * LOW HITPOINT WARNING * * *
You feel sick.
You see here a +2 whip of electrocution.
You feel a strong urge to attack something.
* * * LOW HITPOINT WARNING * * *
You feel sick.
You feel your anger nearly subside.
You are no longer berserk.
You are exhausted.
You feel yourself slow down.
You die...

..###.######.# #.##.#
### #.# #.# #.##.#
#.# #.# #.# #.# ##.#
#.# #..# #.# ####
#.## #.# #.. #.# #.#
#.# #.# #.# #@#
####.## #.# #.#
......# #.# #.#
####..# #.# #)# ##. #
#..######.###.#.....
#
#....................
#
#.#######.#####......
# #.# #.# ......
####.# ..# .....


There were no monsters in sight!

Vanquished Creatures
  2 adders
  A dart slug (D:2)
  5 endoplasms
  A giant cockroach (D:1)
  A goblin (D:2)
  7 hobgoblins
  4 kobolds
  2 quokkas
  4 ball pythons
  3 bats
  A frilled lizard (D:2)
  A rat (D:2)
32 creatures vanquished.

Notes
Turn   | Place    | Note
-------+----------+-------------------------------------------
     0 | D:1      | Kurtz the Octopode Fighter began the quest for the Orb.
     0 | D:1      | Reached XP level 1. HP: 16/16 MP: 1/1
   289 | D:1      | Reached XP level 2. HP: 21/21 MP: 2/2
   321 | D:1      | Found Jasax's Antique Armour Shop.
   761 | D:2      | Reached skill level 3 in Axes
  1201 | D:2      | Reached XP level 3. HP: 8/26 MP: 3/3
  1461 | D:2      | Found a faded altar of an unknown god.
  1549 | D:2      | Found Peesar's General Store.
  1593 | D:2      | Bought a scroll of identify for 28 gold pieces
  1593 | D:2      | Bought a scroll of immolation for 56 gold pieces
  1701 | D:2      | Found Jofeddit's Antique Weapon Shoppe.
  1775 | D:2      | Found Ocrafocw's Assorted Antiques.
  2343 | D:3      | Reached skill level 4 in Axes
  2346 | D:3      | Succumbed to an adder's poison

Illustrated notes

Levels and vault maps discovered:
D:1:      dpeg_arrival_boxorama, layout_basic, serial_shops,
          nicolae_shop_advertising_works [nicolae_subvault_shop_adworks]
D:2:      layout_rooms, serial_shops, nicolae_shop_tiny_real_fake_doors, shop,
          nicolae_shop_peninsula, shapermc_ecumenical_altar_mp_ritualfount,
          minmay_tetromino_s4
D:3:      layout_loops_ring, grunt_decor_mini_mirrors, serial_bayou_lake_a

Skill      XL: |  1  2  3 |
---------------+----------+-----
Axes           | 3 4 |  4.1
Fighting       | |  3.0
Dodging        | |  3.0
Shields        | |  3.0

Action                     || total
---------------------------++-------
  Melee: War axe           ||    55
         Constrict         ||    14
         Tentacles         ||     7
  Evoke: Wand              ||     1
    Use: Potion            ||     1
   Stab: Sleeping          ||    13
 Armour: Skin              ||    13
  Dodge: Dodged            ||    32
  Block: Buckler           ||     9

Table legend: (Time is in decaauts)
 A = Elapsed time spent in this place.
 B = Non-inter-level travel time spent in this place.
 C = Inter-level travel time spent in this place.
 D = Time resting spent in this place.
 E = Time spent auto-exploring this place.
 F = Levels seen in this place.
 G = Mean time per level.
                   A        B        C        D        E       F      G
               +--------+--------+--------+--------+--------+-----+--------+
         Total |   2364 |   2309 |     55 |    540 |   1532 |   3 |  788.0 |
       Dungeon |   2364 |   2309 |     55 |    540 |   1532 |   3 |  788.0 |
               +--------+--------+--------+--------+--------+-----+--------+

Top non-repeatable levels by time:
     D:1: 1114 daAuts
     D:2: 776 daAuts
     D:3: 473 daAuts
